 Dungeon Crawl Stone Soup version 0.29.1-12-g30fa7ad0bf (webtiles) character file.

Game seed: 8227551145019776951

131 mortz the Trooper (level 5, 0/34 HPs)
             Began as a Gargoyle Abyssal Knight on Dec 23, 2022.
             Was a Priest of Lugonu.
             Killed from afar by an orc wizard (6 damage)
             ... with a puff of flame
             ... on level 4 of the Dungeon.
             The game lasted 00:15:46 (3171 turns).

mortz the Trooper (Gargoyle Abyssal Knight)         Turns: 3171, Time: 00:15:46

Health: 0/34       AC: 19    Str: 19    XL:     5   Next: 14%
Magic:  7/7        EV:  5    Int: 10    God:    Lugonu [***...]
Gold:   163        SH:  0    Dex: 10    Spells: 4/4 levels left

rFire   . . .      SeeInvis .   h - +0 hand axe
rCold   . . .      Faith    .   (no shield)
rNeg    + . .      Spirit   .   p - +2 plate armour
rPois   ∞          Reflect  .   (no helmet)
rElec   +          Harm     .   m - +1 cloak
rCorr   .          Rampage  .   (no gloves)
Will    .....                   (no boots)
Stlth   ..........              (no amulet)
HPRegen 0.11/turn               (no ring)
MPRegen 0.10/turn               (no ring)

@: studying Fighting
A: sickness immunity, AC +4, negative energy resistance 1, electricity
resistance, torment resistance 1, petrification resistance
a: Renounce Religion, Depart the Abyss, Bend Space, Banish


You were on level 4 of the Dungeon.
You worshipped Lugonu.
Lugonu was most pleased with you.
You visited 1 branch of the dungeon, and saw 4 of its levels.
You visited the Abyss 1 time.

You collected 163 gold pieces.

Inventory:

Hand Weapons
 a - a +1 mace
 b - a +0 sling
 h - a +0 hand axe (weapon)
 j - a +0 short sword
 l - a +2 dagger of venom
Armour
 m - a +1 cloak (worn)
 p - a +2 plate armour (worn)
Scrolls
 e - a scroll of teleportation
Potions
 d - a potion of haste {unknown}
 f - a potion of magic {unknown}
 g - a potion of flight {unknown}
 k - a potion of heal wounds {unknown}
 n - 2 potions of curing
 o - 2 potions of brilliance
 q - a potion of ambrosia {unknown}


   Skills:
 + Level 4.3 Fighting
 * Level 3.6 Maces & Flails
 + Level 1.5 Ranged Weapons
 - Level 2.1 Armour
 - Level 0.7 Dodging
 + Level 3.0 Invocations


You had 4 spell levels left.
You didn't know any spells.
Your spell library contained the following spells:

 Spells                   Type           Power      Damage    Failure   Level
 Apportation              Tloc           0%         N/A       100%        1
 Magic Dart               Conj           0%         1d3       100%        1
 Necrotise                Necr           0%         1d4       100%        1
 Sandblast                Erth           0%         2d4       100%        1
 Summon Small Mammal      Summ           0%         N/A       100%        1
 Passwall                 Tmut/Erth      0%         N/A       100%        2
 Searing Ray              Conj           0%         2d4       100%        2
 Inner Flame              Hex/Fire       0%         N/A       100%        3
 Stone Arrow              Conj/Erth      0%         3d7       100%        3
 Cause Fear               Hex            0%         N/A       100%        4
 Fulminant Prism          Conj/Hex       0%         3d6       100%        4
 Petrify                  Tmut/Erth      0%         N/A       100%        4
 Alistair's Intoxication  Tmut/Pois      0%         N/A       100%        5
 Irradiate                Conj/Tmut      0%         3d11      100%        5
 Discord                  Hex            0%         N/A       100%        8
 Sublimation of Blood     Necr           Unusable   N/A       N/A         2

Dungeon Overview and Level Annotations

Branches:
Dungeon (4/15) Zot: 20759
 Temple: D:4-7

Altars:

Shops:
D:2 :

Annotations:
D:4 1 runed translucent door, wormed's ghost, amateur TrGl


Innate Abilities, Weirdness & Mutations

You are immune to sickness and miasma.
Your stone body is resilient. (AC +4)
You are immune to poison.
You resist negative energy. (rN+)
You are resistant to electric shocks. (rElec)
You are resistant to unholy torment.
You are immune to petrification.


Message History

Level annotation: 1 runed translucent door, wormed's ghost, amateur TrGl
There is a stone staircase leading up here.
Found 3 stones.
You see here 4 stones.
The orc priest invokes the aid of Beogh against you.
Beogh smites you!
Wormed's ghost sneers, "Only the weak need weapons."
You shoot a sling bullet.
The sling bullet closely misses the orc wizard.
The orc wizard shouts!
The orc wizard points at you and mumbles some strange words.
You are confused.
You bump into the rock wall.
h - a +0 hand axe (weapon)
The orc priest casts a cantrip, but nothing happens.
The orc wizard completely misses you.
You hit the orc wizard but do no damage.
The orc wizard casts a spell.
The orc wizard flickers and vanishes!
Deactivating autopickup; reactivate with Ctrl-A.
You miss something. You barely miss the orc priest.
Something hits you but does no damage. The orc priest hits you with a +0 club.
You bump into the rock wall.
Wormed's ghost lets out a mournful wail.
You hear some strange, mumbled words.
A puff of flame appears from out of thin air!
The puff of flame hits you!
* * * LOW HITPOINT WARNING * * *
You feel better. Something hits you but does no damage.
The orc priest completely misses you. Something hits you but does no damage.
You see here 4 stones.
A magic dart appears from out of thin air!
The magic dart hits you!
* * * LOW HITPOINT WARNING * * *
You hear some strange, mumbled words.
Something tries to affect you, but you resist.
A puff of flame appears from out of thin air!
The puff of flame hits you.
You die...

##....#(...# #..........
#.....#... #......#.##
#.....)#.. #......#.#
####.# #.#.#..#.###
...... #.#.#.<....#
...... #.#.##..@..#
###...### #.#........#
.....##⌠#
#.####.....####...##...
#...........{o...##..?..#
####(......####..#W..♣...
#...######....##..!..#
#...# #.....##...## #...#
#......##⌠##. #...#
#...#...###..


There were no monsters in sight!

Vanquished Creatures
  An iguana (D:3)
  5 adders
  A worm (D:2)
  A dart slug (D:3)
  2 orcs
  6 ball pythons
  3 endoplasms
  5 giant cockroaches
  3 goblins
  7 hobgoblins
  2 jackals (D:1)
  4 quokkas
  2 bats
  2 frilled lizards
  7 kobolds
  A rat (D:1)
52 creatures vanquished.

Notes
Turn   | Place    | Note
-------+----------+-------------------------------------------
     0 | Abyss:1  | mortz the Gargoyle Abyssal Knight began the quest for the
                  | Orb.
     0 | Abyss:1  | Reached XP level 1. HP: 14/14 MP: 2/2
     1 | D:1      | Escaped the Abyss
   240 | D:1      | Reached XP level 2. HP: 14/19 MP: 3/3
  1348 | D:2      | Reached XP level 3. HP: 23/23 MP: 4/4
  1640 | D:2      | Reached XP level 4. HP: 21/29 MP: 3/6
  1781 | D:2      | Found Rearhor's Book Shoppe.
  2106 | D:2      | Found a faded altar of an unknown god.
  2177 | D:2      | Reached skill level 1 in Ranged Weapons
  2320 | D:2      | Identified a scroll of acquirement
  2320 | D:2      | Acquired a manual of Fighting
  2426 | D:3      | Reached *** piety under Lugonu
  2429 | D:3      | Reached skill level 4 in Fighting
  2871 | D:3      | Reached XP level 5. HP: 25/33 MP: 7/7
  3020 | D:4      | Found a runed translucent door.
  3020 | D:4      | Noticed wormed's ghost (amateur TrGl)
  3171 | D:4      | Killed from afar by an orc wizard

Illustrated notes

Levels and vault maps discovered:
D:1:      dpeg_arrival_round_a, layout_loops_ring
D:2:      layout_basic, serial_shops, shop_fountains,
          hellmonk_ecumenical_altar_zigzags,
          nicolae_concentric_dashed_squares_mild, minmay_fractal_squares_5
D:3:      layout_rooms
D:4:      minmay_goblin_kobold_castle, layout_basic,
          mainiacjoe_overflow_alcove_2, serial_shops, shop,
          hellmonk_ghost_happy_afterlife

Skill      XL: |  1  2  3  4 |
---------------+-------------+-----
Maces & Flails | 3 |  3.6
Ranged Weapons | 1 |  1.5
Fighting       | 4 |  4.3
Invocations    | 3 |  3.0
Armour         | |  2.1
Dodging        | |  0.7

Action                   |  1- 3 |  4- 6 || total
-------------------------+-------+-------++-------
Melee: Mace              |    84 |    55 ||   139
       Punch             |     1 |       ||     1
       Hand axe          |       |     2 ||     2
 Fire: Sling             |    16 |    39 ||    55
Invok: Bend Space        |     1 |       ||     1
  Use: Scroll            |       |     9 ||     9
       Potion            |       |     1 ||     1
Armor: Leather armour    |     7 |       ||     7
       Ring mail         |     7 |       ||     7
       Chain mail        |    55 |     1 ||    56
       Plate armour      |       |    77 ||    77
Dodge: Dodged            |    43 |    22 ||    65
